Zazza, neutral female human Tourist --- ------- --- .. .....|--------------|.-- ----- . ....|%)+|..|...|...|..| |...-- --+.- ...|?=%|..|...|...|..| |>...--- |...| -..|...|..|-|---|--..|------......-- ...---- |..--|---|-.........-|..--.........-- ...|..| +....%........-----..|..............-- ----|..| |........+-...|...|....------..---...| |(((|..-----..{...|..|..%+...|..--- |..| |...- |(h(|.............|..|...|..!|..- ---- |....| |.@.|-|-.......-|-------------.|. ---.-- -... --|-|..|..-|-....... .. . -- |......h....|..|..|---- --- | #...G..-.......| -....{........|..| -..|....#.....---- ... --.......... ... ............. ... ................. -.- -..---.------...... # # ....# Zazza the Sightseer Experience level: 5 Strength: 14 Dexterity: 15 Constitution: 15 Intelligence: 10 Wisdom: 7 Charisma: 16 Health: 0(40) Energy: 17(17) Def: 12 Gold: 336 Moves: 3820 Dungeon seed: s2AfHE1W2PJv6kKE Game ID: Zazza_1536737778 Your Inventory: Coins $ - 336 gold pieces Weapons a - 32 +2 darts (in quiver) f - 13 +0 darts s - a blessed +0 orcish dagger (weapon in hand) D - a +0 orcish dagger F - a cursed +0 orcish dagger J - a cursed -1 elven dagger P - 4 +0 daggers Armor e - an uncursed +0 Hawaiian shirt q - an uncursed +0 elven mithril-coat (being worn) y - a blessed burnt +2 pair of jumping boots (being worn) z - an uncursed +0 cloak of invisibility (being worn) K - an uncursed +0 dwarvish roundshield (being worn) N - a blessed +1 orcish helm (being worn) Comestibles c - an uncursed apple d - an uncursed food ration g - an uncursed clove of garlic i - 2 uncursed tripe rations Q - an uncursed slime mold Scrolls m - a blessed scroll of magic mapping Potions H - 2 uncursed potions of water Tools n - an expensive camera (0:42) o - an uncursed credit card p - a magic marker (0:86) A - an uncursed tin whistle M - an uncursed magic whistle T - 6 blessed tallow candles (0:200) V - an uncursed leash Z - 2 uncursed tallow candles (0:200) Gems r - 2 uncursed jasper stones L - an uncursed worthless piece of violet glass S - 2 uncursed worthless pieces of orange glass W - an uncursed worthless piece of green glass Y - an uncursed worthless piece of black glass Spells and supernatural/magical abilities: Name Level Category Fail Memory W - pray for help -- divine ? -- Y - supernatural jump -- ability ? -- Your skills at the end: Fighting Skills Weapon Skills dagger [Basic] dart [Basic] Spellcasting Skills Final Attributes: You were piously aligned. You were poison resistant. You were telepathic. You were invisible. You could jump. You are dead. Vanquished creatures: a bugbear a rock piercer 6 gnome lords a floating eye 5 dwarves 2 centipedes an orc zombie a werejackal 2 coyotes 2 hobbits 2 manes a cave spider 22 gnomes 2 gnome zombies 3 geckos 19 jackals a fox 4 kobolds 5 goblins 3 sewer rats 10 grid bugs 6 lichens 4 kobold zombies 9 newts 113 creatures vanquished. Voluntary challenges: You used a wielded weapon 172 times, starting on turn 141. You read items or engraved 4 times, starting on turn 797. You never genocided any monsters. You never polymorphed an object. You never changed form. You used no wishes. You never split a pudding. You never wrote Elbereth's name. You never violated your personal moral code. Dungeon overview: The Dungeons of Doom: levels 1 to 4 Level 1 an altar to The Lady, a fountain a long staircase Level 2 an armor shop Level 3 some fountains Level 4 some fountains, a sink stairs to The Gnomish Mines The Gnomish Mines: levels 5 to 8 Level 5 stairs to The Dungeons of Doom Level 6 Level 7 <- You were here some shops, some fountains, some trees Level 8 History has recorded: On T:1 you entered the Dungeons of Doom to retrieve the Amulet of Yendor! On T:703 you reached level 2 of The Dungeons of Doom. On T:1275 you advanced to experience level 2. On T:1450 you reached level 3 of The Dungeons of Doom. On T:1808 you advanced to experience level 3. On T:2118 you reached level 4 of The Dungeons of Doom. On T:2524 you advanced to experience level 4. On T:2678 you reached level 1 of The Gnomish Mines. On T:3123 you reached level 2 of The Gnomish Mines. On T:3292 you advanced to experience level 5. On T:3420 you reached level 4 of The Gnomish Mines. On T:3545 you reached level 3 of The Gnomish Mines. Score breakdown: Gold: 273 ( 8292 points) Experience: 5 levels (11141 points) Exploration: 8 levels ( 16.00%) (11338 points) Discoveries: 10 items ( 3.36%) ( 5495 points) Valuables value: (no points given unless you survive) Artifact value: 0 ( 0 points) Variety of kills: 24 monsters ( 6.30%) ( 7529 points) Turncount: 3820 turns ( -956 points) Survival: died (score multiplied by 80%) Total score: 34271 Latest messages: The dwarf misses. You miss it. The dwarf swings his broad pick. The dwarf hits! You see here an oil lamp (10 zorkmids). The dwarf bumps right into you! You miss it. The dwarf swings his broad pick. The dwarf hits! You see here 5 tallow candles (50 zorkmids). The dwarf bumps right into you! You see here an oil lamp (10 zorkmids). You see here a tallow candle (10 zorkmids). The dwarf swings his broad pick. The dwarf hits! You die... Izchak gratefully inherits all your possessions. Final status: Aloha Zazza the Tourist, killed by a dwarf... You died in The Gnomish Mines on dungeon level 7 with 34271 points, and 336 pieces of gold, after 3820 moves. You were level 5 with a maximum of 40 hit points when you died.